 Dungeon Crawl Stone Soup version 0.30.1-9-gdf580d7c3d (webtiles) character file.

Game seed: 364068290978363090

5753 CaptainMV the Stinger (level 10, -3/88 HPs)
             Began as a Naga Wanderer on Oct 23, 2023.
             Was a Believer of Sif Muna.
             Slain by a water moccasin (8 damage)
             ... on level 1 of the Lair of Beasts.
             The game lasted 01:08:28 (6195 turns).

CaptainMV the Stinger (Naga Wanderer)               Turns: 6195, Time: 01:08:29

Health: -3/88      AC:  6    Str: 15    XL:     10   Next: 77%
Magic:  11/19      EV: 11    Int: 19    God:    Sif Muna [**....]
Gold:   549        SH:  5    Dex: 18    Spells: 15/22 levels left

rFire   . . .        a - +1 shortbow
rCold   . . .        (shield currently unavailable)
rNeg    . . .        c - +1 robe
rPois   +            (no helmet)
rElec   .            (no cloak)
rCorr   .            q - +0 pair of gloves
SInv    +            (no barding)
Will    ++...        d - amulet of reflection
Stlth   +++          l - ring "Zatirrac" {Will+ Str+2 Int+6 Dex+2}
HPRegen 0.34/turn    v - ring of flight
MPRegen 0.16/turn

%: reflection
@: flying, very slow
A: AC +3, large, see invisible, deformed body, poison resistance, slowness 2,
spit poison 1, naga tail 1
a: Spit Poison, Renounce Religion, Channel Magic


You were on level 1 of the Lair of Beasts.
You worshipped Sif Muna.
Sif Muna was pleased with you.
You visited 3 branches of the dungeon, and saw 10 of its levels.
You also visited: Bailey.

You collected 549 gold pieces.

Inventory:

Hand Weapons
 a - a +1 shortbow (weapon)
 b - a +4 rapier of flaming
 o - a +0 rapier of draining
 t - a +2 sling of draining
Armour
 c - a +1 robe (worn)
 q - a +0 pair of gloves (worn)
Jewellery
 d - an amulet of reflection (around neck)
 l - the ring "Zatirrac" (left hand) {Will+ Str+2 Int+6 Dex+2}
   (You found it on level 3 of the Dungeon)

   [ring of intelligence]

   Str:       It affects your strength (+2).
   Int:       It affects your intelligence (+6).
   Dex:       It affects your dexterity (+2).
   Will:      It increases your willpower.
 v - a ring of flight (right hand)
Wands
 h - a wand of flame (11)
 p - a wand of iceblast (16)
Scrolls
 g - 3 scrolls of enchant armour
 m - a scroll of teleportation
 n - a scroll of identify
 u - a scroll of fear
 w - a scroll of summoning {unknown}
 x - a scroll of noise
 y - a scroll of vulnerability
Potions
 e - 3 potions of lignification
 f - 2 potions of curing
 i - 3 potions of flight
 k - a potion of mutation
 s - a potion of brilliance
 z - a potion of cancellation


   Skills:
 + Level 5.1 Fighting
 + Level 5.2 Short Blades
 + Level 5.0 Ranged Weapons
 + Level 3.0 Dodging
 + Level 5.2 Stealth
 + Level 2.0 Shields
 + Level 6.5 Spellcasting
 + Level 1.4 Necromancy
 + Level 7.1 Transmutations
 + Level 3.2 Fire Magic
 + Level 7.6 Poison Magic


You had 15 spell levels left.
You knew the following spells:

 Your Spells              Type           Power      Damage    Failure   Level
a - Sting                 Tmut/Pois      100%       1d8       1%          1
b - Wereblood             Tmut           33%        N/A       1%          2
c - Ignite Poison         Fire/Tmut/Pois 29%        N/A       2%          3
d - Necrotise             Necr           44%        1d6       6%          1

Your spell library contained the following spells:

 Spells                   Type           Power      Damage    Failure   Level
 Passwall                 Tmut/Erth      15%        N/A       3%          2
 Ensorcelled Hibernation  Hex/Ice        12%        N/A       16%         2
 Lesser Beckoning         Tloc           12%        N/A       16%         2
 Vampiric Draining        Necr           11%        2d6       19%         3
 Ice Form                 Ice/Tmut       19%        N/A       24%         4
 Frozen Ramparts          Ice            12%        1d2       32%         3
 Gell's Gravitas          Tloc           6%         N/A       32%         3
 Swiftness                Air            6%         N/A       32%         3
 Teleport Other           Tloc           6%         N/A       32%         3
 Summon Ice Beast         Ice/Summ       6%         N/A       71%         4
 Agony                    Necr           11%        N/A       86%         5
 Chain Lightning          Conj/Air       3%         3d4       100%        9
 Fire Storm               Conj/Fire      6%         8d2       100%        9
 Shatter                  Erth           3%         3d7*      100%        9


Dungeon Overview and Level Annotations

Branches:
Dungeon (8/15)             Temple (1/1) D:4            Lair (1/5) D:8
 Bailey (visited)

Altars:
Ashenzari
Cheibriados
Dithmenos
Elyvilon
Fedhas
Gozag
Hepliaklqana
Kikubaaqudgha
Makhleb
Nemelex Xobeh
Okawaru
Qazlal
Ru
Sif Muna
Trog
Uskayaw
Vehumet
Wu Jian
Xom
Yredelemnul
Zin
The Shining One

Annotations:
D:3 3 runed translucent doors, Tali's ghost, novice DsCK; Tamtam's ghost, amateur TeAE; aracne12's ghost, amateur DjFE; fedepesso's ghost, weakling HOMo; laros's ghost, amateur MiBe
D:8 exclusions: oklob plant and oklob sapling


Innate Abilities, Weirdness & Mutations

Your serpentine skin is tough. (AC +3)
You have supernaturally acute eyesight. (SInv)
Armour fits poorly on your strangely shaped body.
Your system is resistant to poisons. (rPois)
You cover ground very slowly.
You can spit poison.
You have a snake-like lower body.


Message History

Aim: a cane toad (69% to hit)
You shoot an arrow. The arrow barely misses the cane toad.
The arrow hits the water moccasin but does no damage.
Aiming: Iceblast
Press: ? - help, Q - select action, (/) - cycle Shift-Dir - straight line, f/p - cane toad
Aim: a cane toad The mass of ice explodes!
The iceblast engulfs the cane toad!
The cane toad is moderately wounded.
The iceblast engulfs the water moccasin!
The water moccasin is moderately wounded.
You hear a bellow! x3; You hear an angry hiss.
You hear a howl!
Casting: Ignite Poison (mildly dangerous; 2% risk of failure)
Confirm with . or Enter, or press ? or * to list all spells.
Aiming: Sting (safe; 1% risk of failure)
Press: ? - help, Shift-Dir - straight line, f/p - cane toad
Aim: a cane toad (moderately wounded, 81% to hit)
The sting hits the cane toad.
The cane toad partially resists.
The cane toad is moderately wounded.
The cane toad stings you but does no damage.
Casting: Sting (safe; 1% risk of failure)
Confirm with . or Enter, or press ? or * to list all spells.
Aiming: Sting (safe; 1% risk of failure)
Press: ? - help, Shift-Dir - straight line, f - water moccasin, p - cane toad
Aim: a water moccasin (moderately wounded, 63% to hit)
The sting misses the water moccasin.
The water moccasin bites you. The cane toad stings you.
* * * LOW HITPOINT WARNING * * *
Casting: Sting (safe; 1% risk of failure)
Confirm with . or Enter, or press ? or * to list all spells.
Aiming: Sting (safe; 1% risk of failure)
Press: ? - help, Shift-Dir - straight line, f/p - water moccasin
Aim: a water moccasin (moderately wounded, 63% to hit)
The sting hits the water moccasin.
The water moccasin partially resists.
The water moccasin is moderately wounded.
The water moccasin bites you.
* * * LOW HITPOINT WARNING * * *
The cane toad stings you!
* * * LOW HITPOINT WARNING * * *
The water moccasin bites you!
You die...

### #### #######.###.P####
#...............##
.................####
........#@F.........#
...#:..##.S.........# .
#................######
S................(...#..
..#.....#................
...##########............?
.S ###P.......... #
####.#.......
#P##.####.......


You could see a cane toad and a water moccasin.

Vanquished Creatures
  2 orc knights (Bailey)
  A komodo dragon (Lair:1)
  A wyvern (D:7)
  7 yaks
  Eustachio (D:5)
  3 water moccasins (D:8)
  2 black bears (D:8)
  An ogre (D:5)
  6 orc warriors
  2 sky beasts
  A wolf (Lair:1)
  A centaur (D:6)
  2 phantoms
  9 bullfrogs
  5 scorpions
  4 wights (D:7)
  4 hounds
  2 jellies (D:2)
  3 sleepcaps
  An iguana (D:7)
  2 orc wizards (D:7)
  9 adders
  A shadow imp (D:6)
  A white imp (D:8)
  2 worms (D:2)
  8 dart slugs
  25 orcs
  13 endoplasms
  6 goblins
  6 hobgoblins
  A jackal (D:8)
  8 kobolds
  3 quokkas
  13 ball pythons
  3 bats
  3 frilled lizards
  2 rats
164 creatures vanquished.

Vanquished Creatures (collateral kills)
  Menkaure (D:7)
1 creature vanquished.

Grand Total: 165 creatures vanquished

Notes
Turn   | Place    | Note
-------+----------+-------------------------------------------
     0 | D:1      | CaptainMV the Naga Wanderer began the quest for the Orb.
     0 | D:1      | CaptainMV set off with the following items: a +1 sling, a
                  | potion of lignification, a +0 robe; and the following spell
                  | memorised: Sting; and the following spells available to
                  | memorise: Wereblood, Ignite Poison.
     0 | D:1      | Reached XP level 1. HP: 21/21 MP: 2/2
   132 | D:1      | Reached XP level 2. HP: 28/28 MP: 3/3
   446 | D:1      | You fall into a shaft and drop 1 floor!
   473 | D:2      | Reached XP level 3. HP: 34/34 MP: 1/4
   611 | D:2      | Reached skill level 1 in Poison Magic
   694 | D:2      | Reached XP level 4. HP: 42/42 MP: 0/6
   842 | D:2      | Reached XP level 5. HP: 49/49 MP: 2/7
   845 | D:2      | Learned a level 2 spell: Wereblood
   849 | D:2      | Learned a level 3 spell: Ignite Poison
   851 | D:2      | Learned a level 1 spell: Necrotise
  1219 | D:3      | Identified the ring "Zatirrac" {Will+ Str+2 Int+6 Dex+2}
  1438 | D:3      | Found a runed translucent gate.
  1439 | D:3      | Found a runed translucent gate.
  1440 | D:3      | Found a runed translucent gate.
  1441 | D:3      | Noticed aracne12's ghost (amateur DjFE)
  1441 | D:3      | Noticed Tali's ghost (novice DsCK)
  1442 | D:3      | Noticed laros's ghost (amateur MiBe)
  1442 | D:3      | Noticed Tamtam's ghost (amateur TeAE)
  1442 | D:3      | Noticed fedepesso's ghost (weakling HOMo)
  1802 | D:4      | Reached XP level 6. HP: 57/57 MP: 3/9
  1833 | D:4      | Found a staircase to the Ecumenical Temple.
  1855 | Temple   | Entered the Ecumenical Temple
  1862 | Temple   | Became a worshipper of Sif Muna the Loreminder
  1975 | D:4      | Reached skill level 1 in Shields
  2260 | D:5      | Entered Level 5 of the Dungeon
  2276 | D:5      | Reached XP level 7. HP: 57/64 MP: 6/11
  2284 | D:5      | Reached skill level 1 in Short Blades
  2284 | D:5      | Reached skill level 1 in Fire Magic
  2287 | D:5      | Noticed Eustachio
  2325 | D:5      | Killed Eustachio
  2326 | D:5      | Reached skill level 1 in Dodging
  2670 | D:5      | Reached skill level 1 in Necromancy
  2802 | D:5      | Reached XP level 8. HP: 65/72 MP: 13/13
  3311 | D:6      | Reached skill level 5 in Transmutations
  3361 | D:6      | Found a burning altar of Makhleb.
  3538 | D:6      | Found a shimmering altar of Xom.
  3540 | D:6      | Found a blossoming altar of Fedhas.
  3743 | D:6      | Found a snail-covered altar of Cheibriados.
  3743 | D:6      | Found a hazy altar of Hepliaklqana.
  3744 | D:6      | Found an iron altar of Okawaru.
  3820 | D:6      | Found a white marble altar of Elyvilon.
  3821 | D:6      | Found a stormy altar of Qazlal.
  3899 | D:7      | Reached * piety under Sif Muna
  3904 | D:7      | Noticed a wyvern
  3906 | D:7      | Killed a wyvern
  3907 | D:7      | Reached skill level 5 in Stealth
  3917 | D:7      | Reached XP level 9. HP: 43/79 MP: 15/15
  3953 | D:7      | Noticed Menkaure
  3978 | D:7      | Killed Menkaure
  4246 | D:7      | Reached skill level 5 in Poison Magic
  4275 | D:7      | Reached skill level 5 in Spellcasting
  4892 | D:8      | Noticed an oklob plant
  4981 | D:8      | Reached ** piety under Sif Muna
  4991 | D:8      | Reached XP level 10. HP: 29/87 MP: 10/18
  4994 | D:8      | Reached skill level 5 in Short Blades
  5002 | D:8      | Found a staircase to the Lair.
  5037 | D:8      | Found a flagged portal.
  5178 | Bailey   | Entered a bailey
  5220 | Bailey   | Noticed an orc knight
  5323 | Bailey   | Noticed an orc knight
  5375 | Bailey   | Killed an orc knight
  5376 | Bailey   | Reached skill level 5 in Fighting
  5683 | Bailey   | Identified the +0 ice dragon scales of Naatygax {+Inv rF-
                  | rC++ Dex-5 Slay+3}
  5685 | Bailey   | Identified the +0 helmet of the Known World {Int+3}
  5718 | Bailey   | Killed an orc knight
  5907 | D:8      | Found a glowing silver altar of Zin.
  5914 | D:8      | Found a radiant altar of Vehumet.
  6042 | Lair:1   | Entered Level 1 of the Lair of Beasts
  6059 | Lair:1   | Noticed a black mamba
  6060 | Lair:1   | Noticed a black mamba
  6062 | Lair:1   | Noticed a wolf spider
  6063 | Lair:1   | Noticed a wolf spider
  6068 | Lair:1   | Noticed a cane toad
  6094 | Lair:1   | HP: 4/88 [wolf (9)]
  6180 | Lair:1   | Reached skill level 5 in Ranged Weapons
  6195 | Lair:1   | Slain by a water moccasin

Illustrated notes

Levels and vault maps discovered:
D:1:      heliophobic_arrival_enchanted_forest, layout_loops_ring
D:2:      cheibrodos_fertilizer, layout_loops_ring, minmay_tromino_i2
D:3:      layout_basic, gammafunk_ghost_cemetery
D:4:      layout_basic, temple_statues
D:5:      layout_gridville, chequers_serial_rivers_small_3, uniq_eustachio
D:6:      layout_loops_cross, nicolae_overflow_hidden_temple,
          amcnicky_altar_gilded, mainiacjoe_overflow_divided_tiny,
          serial_co_window_serial, co_window_corner_a, co_window_corner_a,
          co_window_corner_a, co_window_corner_a, co_window_of_opportunity_a,
          co_window_corner_b, co_window_broadway_a, co_window_corner_b,
          co_window_sun, glass_columns_a, glass_columns_a, glass_columns_b
D:7:      layout_loops_ring, minmay_misc_feat_square, uniq_menkaure
D:8:      layout_basic, grunt_temple_overflow_open, due_lair_maze_entry_diamond,
          enter_bailey_8, introduction_to_nature_1
Temple:   nicolae_temple_no_exploring_needed
Lair:1:   layout_hall_layers, nicolae_lair_run_with_the_wolves,
          grunt_megastairs_4, infiniplex_staircase_pool_2

Skill      XL: |  1  2  3  4  5  6  7  8  9 10 |
---------------+-------------------------------+-----
Ranged Weapons | 2 3 5 |  5.0
Poison Magic   | 1 2 3 4 6 7 |  7.6
Spellcasting   | 2 3 4 5 6 |  6.5
Stealth        | 2 3 5 |  5.2
Shields        | 1 2 |  2.0
Fighting       | 4 5 |  5.1
Transmutations | 4 5 6 7 |  7.1
Short Blades   | 1 3 4 5 |  5.2
Fire Magic     | 1 2 3 |  3.2
Dodging        | 1 2 3 |  3.0
Necromancy     | 1 |  1.4

Action                     |  1- 3 |  4- 6 |  7- 9 | 10-12 || total
---------------------------+-------+-------+-------+-------++-------
  Melee: Dagger            |    30 |    43 |       |       ||    73
         Punch             |     1 |       |       |       ||     1
         Rapier            |       |    27 |    88 |    13 ||   128
   Fire: Sling             |    29 |     8 |     6 |       ||    43
         Shortbow          |       |       |    22 |    71 ||    93
   Cast: Sting             |    27 |    40 |    31 |    43 ||   141
         Necrotise         |       |     8 |     6 |       ||    14
         Ignite Poison     |       |    13 |    17 |    18 ||    48
         Wereblood         |       |       |     8 |       ||     8
Ability: Spit Poison       |     8 |     7 |    10 |    15 ||    40
  Evoke: Wand              |       |       |       |     5 ||     5
    Use: Scroll            |     6 |     6 |    11 |     3 ||    26
         Potion            |       |       |     3 |     5 ||     8
   Stab: Sleeping          |       |     6 |     2 |       ||     8
 Armour: Robe              |     8 |    19 |    24 |    14 ||    65
  Dodge: Dodged            |    24 |    35 |    54 |    36 ||   149
  Block: Other             |    11 |    26 |    18 |    17 ||    72
         Reflection        |       |     3 |       |       ||     3
